 Dungeon Crawl Stone Soup version 0.20.1-1-g8b1a95d (webtiles) character file.

22777 MajkelK the Brawler (level 12, -1/120 HPs)
             Began as a Troll Berserker on Aug 7, 2017.
             Was a High Priest of Trog.
             Slain by a soldier ant (2 damage)
             ... on level 4 of the Lair of Beasts.
             The game lasted 01:36:47 (10548 turns).

MajkelK the Brawler (Troll Berserker)              Turns: 10548, Time: 01:36:47

Health: -1/120     AC:  8    Str: 28    XL:     12   Next: 66%
Magic:  12/12      EV: 14    Int:  5    God:    Trog [*****.]
Gold:   839        SH:  0    Dex: 13    Spells: 11/11 levels left

rFire    x . .     SeeInvis .     - Unarmed
rCold    + . .     Gourm    +   (no shield)
rNeg     + . .     Faith    .   a - +2 animal skin
rPois    .         Spirit   .   n - +2 hat
rElec    .         Reflect  .   (no cloak)
rCorr    .         Harm     .   (gloves unavailable)
MR       .....                  (boots unavailable)
Stlth    +.........             (no amulet)
Regen    0.7/turn               h - ring of ice
MPRegen  0.2/turn               z - ring of positive energy

@: lethally poisoned (-1 -> -29)
A: unfitting armour, claws 3, horns 2, clever 1, deformed body, fast metabolism
3, gourmand, regeneration 1, shaggy fur 1, tough skin 2
a: Berserk, Trog's Hand, Brothers in Arms, Burn Spellbooks, Renounce Religion


You were on level 4 of the Lair of Beasts.
You worshipped Trog.
Trog was extremely pleased with you.
You were full.

You visited 3 branches of the dungeon, and saw 13 of its levels.
You also visited: Ossuary.

You collected 839 gold pieces.

Inventory:

Hand Weapons
 b - a +5 longbow of velocity
 g - a +5 flail
 l - a +0 halberd of chopping
 u - a +4 dire flail of crushing
 H - a +4 demon trident
 K - a +2 war axe of electrocution
 N - a +1 antimagic scimitar
 O - a +6 rapier of holy wrath
 S - a +1 spear of piercing
 T - a +2 dagger of pain
Missiles
 c - 292 stones
 y - 4 large rocks (quivered)
 M - 65 arrows
Armour
 a - a +2 animal skin (worn)
 n - a +2 hat (worn)
Magical Staves
 W - an uncursed staff of poison {unknown}
Jewellery
 d - an uncursed ring of stealth
 h - a ring of ice (left claw)
 s - a +3 ring of evasion {unknown}
 x - the ring of Sirhiob {MR+ Str+4 Dex+6, unknown}
   (You found it on level 3 of the Lair of Beasts)

   [ring of protection from magic]

   It affects your strength (+4).
   It affects your dexterity (+6).
   It affects your resistance to hostile enchantments.
 z - a ring of positive energy (right claw)
 G - an uncursed ring of protection from fire
 R - the amulet "Zethe" {Harm *Drain rElec Str+3 Dex+3, unknown}
   (You found it on level 2 of the Lair of Beasts)

   [amulet of harm]

   It increases damage dealt and taken.
   It affects your strength (+3).
   It affects your dexterity (+3).
   It insulates you from electricity.
   It causes draining when unequipped.
Wands
 v - a wand of clouds (3/9)
 w - a wand of enslavement (7/24)
 A - a wand of lightning (9/15)
 B - a wand of polymorph (18/24)
 D - a wand of scattershot (1/9)
 J - a wand of flame (0/48)
 L - a wand of iceblast (6/15)
 Q - a wand of digging (12/24)
Scrolls
 e - a scroll of fog
 i - 6 scrolls of teleportation
 k - 6 scrolls of amnesia
 m - a scroll of magic mapping
 p - 9 scrolls of remove curse
 t - 4 scrolls of blinking
 P - 2 scrolls of fear
 U - a scroll of enchant armour
Potions
 r - a potion of haste
 E - 2 potions of magic
 F - a potion of might
 I - a potion of flight
 V - a potion of agility {unknown}
Comestibles
 f - 7 meat rations
 j - 11 royal jellies
 q - 5 fruits
 C - 12 bread rations


   Skills:
 * Level 8.3 Fighting
 - Level 6.3 Maces & Flails
 - Level 0.5 Throwing
 + Level 7.4 Dodging
 + Level 15.2 Unarmed Combat
 + Level 2.0 Evocations


You had 11 spell levels left.
You didn't know any spells.

Dungeon Overview and Level Annotations

Branches:
Dungeon (8/15)             Temple (1/1) D:7            Lair (4/6) D:8
 Shoals (0/4) Lair:3        Snake (0/4) Lair:4

Altars:
Ashenzari
Cheibriados
Dithmenos
Sif Muna
Vehumet


Innate Abilities, Weirdness & Mutations

You are too large for most types of armour.
You have claws for hands.
Your metabolism is lightning-fast.
You like to eat raw meat.
Your natural rate of healing is unusually fast.
You are covered in fur. (AC +1)
You have very tough skin. (AC +2)
You have a pair of horns on your head.
Your mind is acute. (Int +2)
Armour fits poorly on your strangely shaped body.


Message History

The soldier ant twitches its antennae in your direction.
You see here a soldier ant corpse.
The queen ant stings you!
* * * LOW HITPOINT WARNING * * *
You are lethally poisoned!
The queen ant poisons you!
* * * LOW HITPOINT WARNING * * *
You feel very sick.
* * * LOW HITPOINT WARNING * * *
You feel very sick. The queen ant stings you.
* * * LOW HITPOINT WARNING * * *
* * * LOW HITPOINT WARNING * * *
You feel very sick.
* * * LOW HITPOINT WARNING * * *
You feel very sick.
* * * LOW HITPOINT WARNING * * *
You feel very sick. The soldier ant stings you.
You die...

#...P†.#####......#**,*,,
##...†...>..#....##,,,,,,
#...#.......#.....#....,,
#....#.....#.....#......,
##.....a#####....P......*
#..#....####.....P...#.*
#....a.a.........P#....,
#......a...............,
##......@...............,
#........†..............,
#.....####..............,
##..†##P###.............,
#..##...#.........#####,
#...#............#####*.
#...†............P#..#..
##........#........#.....
#....#.............†...#,


You could see a queen ant, 2 soldier ants and a worker ant.

Vanquished Creatures
  A thorn hunter (Lair:3)
  A two-headed ogre (D:8)
  Urug (Lair:2)
  Pikel (D:6)
  A shambling mangrove (Lair:3)
  2 manticores
  3 spiny frogs
  A komodo dragon (Lair:1)
  A queen bee (Lair:3)
  Grinder (D:4)
  8 blink frogs (Lair:2)
  A snapping turtle (Lair:3)
  8 hippogriffs
  A spriggan (D:7)
  3 basilisks
  2 wyverns (Lair:3)
  8 yaks (Lair:3)
  Grum (Lair:1)
  A steam dragon (Lair:3)
  An acid dragon (D:7)
  Edmund (D:4)
  2 soldier ants (Lair:4)
  2 hell hounds (D:8)
  4 water moccasins
  7 porcupines
  A black bear (D:8)
  3 phantoms
  A sky beast (D:8)
  2 ice beasts
  2 slaves (D:6)
  4 ogres
  9 wolves
  2 centaurs (D:5)
  5 crocodiles
  10 bullfrogs
  A gnoll sergeant (D:8)
  30 killer bees
  5 wights (D:6)
  2 howler monkeys
  3 crimson imps
  5 bullfrog zombies
  A centaur zombie (Ossuary)
  4 orc priests
  7 hounds
  A bullfrog skeleton (D:4)
  4 iguanas
  A gnoll shaman (D:5)
  4 orc wizards
  11 worker ants
  3 killer bee zombies (Ossuary)
  6 hound zombies (Ossuary)
  A howler monkey zombie (Ossuary)
  9 mummies (Ossuary)
  3 worker ant zombies
  11 gnolls
  11 adders
  A shadow imp (D:8)
  3 oozes
  6 adder skeletons
  4 adder zombies
  3 worms
  A dart slug (D:1)
  7 leopard geckos
  18 orcs
  7 giant cockroaches
  9 hobgoblins
  4 jackals
  3 quokkas
  3 ball pythons
  6 bats
  A frilled lizard (D:2)
  2 giant cockroach zombies (Ossuary)
  6 goblins
  A jackal skeleton (D:4)
  A jackal zombie (Ossuary)
  15 kobolds
  3 leopard gecko skeletons
  3 leopard gecko zombies
  3 quokka zombies
  8 rats
  A fungus (Lair:3)
  3 withered plants (Ossuary)
347 creatures vanquished.

Vanquished Creatures (collateral kills)
  4 hydras
  A catoblepas (Lair:3)
  2 oklob plants (Lair:3)
  A rime drake (Lair:4)
  A blink frog (Lair:2)
  A hippogriff (Lair:1)
  5 yaks (Lair:3)
  A basilisk (Lair:3)
  A steam dragon (Lair:3)
  A soldier ant (Lair:4)
  A water moccasin (Lair:3)
  A porcupine (Lair:2)
  2 crocodiles
  A worker ant (Lair:4)
  A hell rat (Lair:3)
  A plant (Lair:2)
25 creatures vanquished.

Vanquished Creatures (others)
  A porcupine (Lair:2)
  A slave (D:6)
  A bullfrog (D:6)
  A quokka (D:6)
  A briar patch (Lair:3)
  6 fungi
  A withered plant (Ossuary)
12 creatures vanquished.

Grand Total: 384 creatures vanquished

Notes
Turn   | Place    | Note
-------+----------+-------------------------------------------
     0 | D:1      | MajkelK the Troll Berserker began the quest for the Orb.
     0 | D:1      | Reached XP level 1. HP: 22/22 MP: 0/0
   114 | D:1      | Reached XP level 2. HP: 29/29 MP: 1/1
   530 | D:1      | Reached ** piety under Trog
   545 | D:1      | Reached XP level 3. HP: 36/36 MP: 2/2
   818 | D:2      | Found a radiant altar of Vehumet.
   928 | D:2      | Reached skill level 4 in Unarmed Combat
  1062 | D:2      | Reached XP level 4. HP: 42/44 MP: 3/3
  1149 | D:2      | Gained mutation: Armour fits poorly on your strangely shaped body. [potion of mutation]
  1149 | D:2      | Gained mutation: You have a pair of small horns on your head. [potion of mutation]
  1149 | D:2      | Gained mutation: Your mind is acute. (Int +2) [potion of mutation]
  1149 | D:2      | Gained mutation: You have a pair of horns on your head. [potion of mutation]
  1779 | D:3      | Reached *** piety under Trog
  1791 | D:3      | Reached XP level 5. HP: 28/52 MP: 4/4
  1960 | D:3      | Reached skill level 5 in Unarmed Combat
  2392 | D:4      | Noticed Grinder
  2392 | D:4      | Paralysed by Grinder for 7 turns
  2404 | D:4      | Killed Grinder
  2404 | D:4      | Reached skill level 6 in Unarmed Combat
  2404 | D:4      | Reached XP level 6. HP: 49/61 MP: 5/5
  2551 | D:4      | Reached XP level 7. HP: 45/67 MP: 6/6
  2603 | D:4      | Noticed Edmund
  2617 | D:4      | Killed Edmund
  2645 | D:4      | Reached skill level 7 in Unarmed Combat
  3033 | D:4      | Reached skill level 1 in Maces & Flails
  3065 | D:5      | Entered Level 5 of the Dungeon
  3107 | D:5      | Reached **** piety under Trog
  3151 | D:5      | Reached XP level 8. HP: 50/78 MP: 7/7
  3277 | D:5      | Reached skill level 8 in Unarmed Combat
  3807 | D:6      | Reached skill level 9 in Unarmed Combat
  3838 | D:6      | Noticed Pikel
  3863 | D:6      | Killed Pikel
  3863 | D:6      | Reached XP level 9. HP: 73/87 MP: 8/8
  3946 | D:6      | Reached skill level 5 in Fighting
  4278 | D:6      | Found a deep blue altar of Sif Muna.
  4511 | D:7      | Reached skill level 10 in Unarmed Combat
  4533 | D:7      | Found a staircase to the Ecumenical Temple.
  4536 | D:7      | Reached ***** piety under Trog
  4539 | D:7      | Reached skill level 5 in Dodging
  4548 | Temple   | Entered the Ecumenical Temple
  4595 | D:7      | Noticed a manticore
  4602 | D:7      | Killed a manticore
  4761 | D:7      | Reached skill level 11 in Unarmed Combat
  4840 | D:7      | Reached XP level 10. HP: 97/97 MP: 9/9
  5401 | D:8      | Found a staircase to the Lair.
  5421 | D:8      | Received a gift from Trog
  5541 | D:8      | Found a sand-covered staircase.
  5548 | Ossuary  | Entered an ossuary
  5703 | Ossuary  | Reached skill level 5 in Maces & Flails
  6000 | D:8      | Found a shattered altar of Ashenzari.
  6127 | D:8      | Received a gift from Trog
  6298 | D:8      | Reached skill level 12 in Unarmed Combat
  6465 | D:8      | Noticed a two-headed ogre
  6472 | D:8      | Killed a two-headed ogre
  6574 | Lair:1   | Entered Level 1 of the Lair of Beasts
  6584 | Lair:1   | Noticed Grum
  6637 | Lair:1   | Killed Grum
  6877 | Lair:1   | Reached XP level 11. HP: 95/107 MP: 10/10
  6981 | Lair:1   | Noticed a five-headed hydra
  6994 | Lair:1   | Killed a five-headed hydra
  7576 | Lair:2   | Noticed Urug
  7588 | Lair:2   | Killed Urug
  7588 | Lair:2   | Reached skill level 13 in Unarmed Combat
  7730 | Lair:2   | Noticed a seven-headed hydra
  7772 | Lair:2   | Killed an eight-headed hydra
  7983 | Lair:2   | Got a slimy golden amulet
  8727 | Lair:3   | Noticed an oklob plant
  8749 | Lair:3   | Noticed an oklob plant
  8750 | Lair:3   | Noticed a five-headed hydra
  8760 | Lair:3   | Killed a five-headed hydra
  8760 | Lair:3   | Reached skill level 1 in Evocations
  8762 | Lair:3   | Noticed an oklob plant
  8764 | Lair:3   | Noticed an eight-headed hydra
  8771 | Lair:3   | Killed an oklob plant
  8773 | Lair:3   | Killed an oklob plant
  8784 | Lair:3   | Killed a nine-headed hydra
  8784 | Lair:3   | Reached skill level 14 in Unarmed Combat
  8785 | Lair:3   | Received a gift from Trog
  8829 | Lair:3   | Reached XP level 12. HP: 82/119 MP: 11/11
  9079 | Lair:3   | Noticed a thorn hunter
  9079 | Lair:3   | an oklob plant changed into a thorn hunter
  9093 | Lair:3   | Killed a thorn hunter
  9178 | Lair:3   | Noticed a catoblepas
  9193 | Lair:3   | Killed a catoblepas
  9206 | Lair:3   | Got a twitching tin ring
  9713 | Lair:3   | Found a staircase to the Shoals.
  9922 | Lair:3   | Reached skill level 15 in Unarmed Combat
 10483 | Lair:4   | Noticed a queen ant
 10547 | Lair:4   | HP: 5/120 [poisoned by a queen ant]
 10548 | Lair:4   | HP: 1/120 [poisoned by a queen ant]
 10548 | Lair:4   | Slain by a soldier ant

Skill      XL: |  1  2  3  4  5  6  7  8  9 10 11 12 |
---------------+-------------------------------------+-----
Unarmed Combat | 4 6 7 9 11 12 14 15 | 15.2
Dodging        | 3 4 5 6 7 |  7.4
Fighting       | 3 4 5 6 7 8 |  8.3
Maces & Flails | 1 2 4 5 6 |  6.3
Evocations     | 1 2 |  2.0
Throwing       | |  0.5

Action                   |  1- 3 |  4- 6 |  7- 9 | 10-12 || total
-------------------------+-------+-------+-------+-------++-------
Melee: Unarmed           |    95 |   103 |   235 |   482 ||   915
       Punch             |     1 |     2 |     9 |    28 ||    40
       Headbutt          |       |    17 |    43 |    94 ||   154
Throw: Large rock        |       |       |     6 |    35 ||    41
       Stone             |       |       |       |     8 ||     8
Invok: Berserk           |       |       |     3 |     5 ||     8
       Burn Spellbooks   |       |       |     1 |     3 ||     4
       Brothers in Arms  |       |       |       |     5 ||     5
       Trog's Hand       |       |       |       |     1 ||     1
Evoke: Wand              |       |       |       |    17 ||    17
  Use: Scroll            |     7 |     4 |     8 |    13 ||    32
       Potion            |     2 |     4 |     2 |    10 ||    18
 Stab: Sleeping          |       |       |       |     3 ||     3
       Distracted        |       |       |       |     1 ||     1
  Eat: Chunk             |    15 |    13 |    24 |    56 ||   108
Armor: Animal skin       |    23 |    29 |    58 |    91 ||   201
Dodge: Dodged            |    46 |    35 |   110 |   263 ||   454
